 Dungeon Crawl Stone Soup version 0.31.0-11-ge490571c62 (webtiles) character file.

Game seed: 9152123591402201813

79 Gadfly the Changeling (level 4, -3/33 HPs)
             Began as a Demonspawn Shapeshifter on Jan 27, 2024.
             Slain by Natasha (8 damage)
             ... on level 2 of the Dungeon.
             The game lasted 00:01:35 (1142 turns).

Gadfly the Changeling (Demonspawn Shapeshifter)     Turns: 1142, Time: 00:01:35

Health: -3/33      AC:  2    Str: 16    XL:     4   Next: 16%
Magic:  4/4        EV: 12    Int: 11    God:
Gold:   34         SH:  0    Dex: 12    Spells: 3/3 levels left

rFire   . .          .
                       - Unarmed
rCold   . . .        (no shield)
rNeg    . . .        a - +0 animal skin
rPois   .            (helmet currently unavailable)
rElec   .            (cloak currently unavailable)
rCorr   .            (gloves currently unavailable)
SInv    .            (boots currently unavailable)
Will    .....        (no amulet)
Stlth   +            (no ring)
HPRegen 0.25/turn    (no ring)
MPRegen 0.09/turn

%: no passive effects
@: lethally poisoned (-3 -> -10), beast-form
A: beast (slay +1), horns 1
a: Begin Untransformation


You were on level 2 of the Dungeon.
You were a hulking beast.
You visited 1 branch of the dungeon, and saw 2 of its levels.

You collected 34 gold pieces.

Inventory:

Armour
 a - a +0 animal skin (worn)
Talismans
 c - a beast talisman
 d - a flux talisman
Scrolls
 e - a scroll of teleportation
Potions
 b - a potion of lignification
 f - a potion of magic {unknown}


   Skills:
 + Level 1.8 Fighting
 * Level 2.6 Dodging
 + Level 2.9 Unarmed Combat
 * Level 1.7 Evocations
 + Level 3.0 Shapeshifting


You had 3 spell levels left.
You didn't know any spells.
Your spell library was empty.

Dungeon Overview and Level Annotations

Branches:
Dungeon (2/15)

Altars:

Annotations:
D:2 Natasha


Innate Abilities, Weirdness & Mutations

You are a hulking beast.
Your limbs bulge with bestial killing power. (Slay +1)
You have a pair of small horns on your head.


Message History

You see here an adder corpse.
The adder bites you but does no damage. The adder barely misses you.
You hit the adder.
The adder is moderately wounded.
The adder bites you.
You miss the adder. Your headbutt misses the adder.
The adder is moderately wounded.
The adder bites you.
You are poisoned.
The adder poisons you! The adder bites you.
You are more poisoned.
The adder poisons you!
You hit the adder.
The adder is severely wounded.
You feel very sick. The adder bites you.
You are lethally poisoned!
The adder poisons you!
You hit the adder.
You kill the adder!
You feel very sick.
You hit Natasha. Your punch misses Natasha.
Natasha is lightly wounded.
* * * LOW HITPOINT WARNING * * *
You feel very sick. Natasha closely misses you.
The cerulean imp barely misses you.
Unknown command.
You barely miss Natasha.
Natasha is lightly wounded.
* * * LOW HITPOINT WARNING * * *
You feel sick.
The cerulean imp disappears in a puff of smoke!
Natasha closely misses you.
You hit Natasha. Your headbutt misses Natasha.
Natasha is moderately wounded.
* * * LOW HITPOINT WARNING * * *
You feel sick. Natasha claws you!
You die...
Natasha begins licking her fur clean.

......####.....##.........#...##.
.........!.....##.........+...##.
#..................)...#...##.
#.......####....####........+.
#.5.....# #....# ##########.
#.......# #....####...#### #.
#...h...# #..#......#....# #.
#.......# ##.#......#....# #.
#.......# #h##....##.†..# #.
####.......#####h##....##....# #.
#..........h.....)##..##.....# #.
#....####.........##..##.....# #.
#....# #..........####......# #.
#....# ######.##..####....###
#....# #.###..##....## #....#
#.###..##..### #....#
#.##..####..##


You could see Natasha.

Vanquished Creatures
  3 adders (D:2)
  4 ball pythons
  3 endoplasms
  2 giant cockroaches (D:1)
  2 goblins (D:1)
  5 hobgoblins
  12 jackals
  5 quokkas (D:1)
  4 kobolds (D:1)
  6 rats
46 creatures vanquished.

Notes
Turn   | Place    | Note
-------+----------+-------------------------------------------
     0 | D:1      | Gadfly the Demonspawn Shapeshifter began the quest for the
                  | Orb.
     0 | D:1      | Reached XP level 1. HP: 15/15 MP: 1/1
   104 | D:1      | Discovered your monstrous ancestry.
   104 | D:1      | Gained mutation: You have a pair of small horns on your
                  | head. [demonic ancestry]
   104 | D:1      | Reached XP level 2. HP: 19/21 MP: 2/2
   204 | D:1      | Reached skill level 1 in Evocations
   270 | D:1      | Reached XP level 3. HP: 19/26 MP: 3/3
   992 | D:2      | Reached skill level 3 in Shapeshifting
   992 | D:2      | Reached XP level 4. HP: 11/33 MP: 4/4
  1120 | D:2      | Noticed Natasha
  1142 | D:2      | Slain by Natasha

Illustrated notes

Levels and vault maps discovered:
D:1:      heliophobic_arrival_ceremonial_halls, layout_rooms
D:2:      layout_basic, minmay_misc_feat_x, uniq_natasha

Skill      XL: |  1  2  3 |
---------------+----------+-----
Dodging        | 2 |  2.6
Evocations     | 1 |  1.7
Shapeshifting  | 3 |  3.0
Fighting       | |  1.8
Unarmed Combat | |  2.9

Action                     |  1- 3 |  4- 6 || total
---------------------------+-------+-------++-------
  Melee: Unarmed           |   129 |     7 ||   136
         Headbutt          |    16 |       ||    16
         Punch             |     1 |       ||     1
    Use: Scroll            |     5 |       ||     5
 Armour: Animal skin       |    80 |     9 ||    89
  Dodge: Dodged            |    83 |     4 ||    87
